 Dungeon Crawl Stone Soup version 0.18-a0-60-g15541d7 (webtiles) character file.

259 Duffy the Sneak (level 6, 0/30 HPs)
             Began as a Vine Stalker Enchanter on Nov 9, 2015.
             Was an Initiate of Ru.
             Slain by an orc priest
             ... wielding a +0 falchion
              (3 damage)
             ... on level 3 of the Dungeon.
             The game lasted 00:06:39 (3395 turns).

Duffy the Sneak (Vine Stalker Enchanter)            Turns: 3395, Time: 00:06:39

Health: 0/30       AC:  3    Str: 11    XL:     6   Next: 17%
Magic:  0/10       EV: 12    Int: 15    God:    Ru [......]
Gold:   132        SH:  0    Dex: 16    Spells: 4 memorised, 1 level left

rFire  . . .     SeeInvis .     a - +1 dagger
rCold  . . .     Clarity  .     b - +1 robe
rNeg   . . .     SustAt   .     (no shield)
rPois  .         Gourm    +     (no helmet)
rElec  .         Spirit   +     (no cloak)
rCorr  .         Warding  .     (no gloves)
rMut   .         Stasis   .     (no boots)
MR     .....                    l - amulet of the gourmand
Stlth  +++.......               (no ring)
                                (no ring)

@: slowed, very slow, not resistant to hostile enchantments, fairly stealthy
A: fangs 2, regeneration 2, magic shield, antimagic bite, no device heal 3, rot
immunity
a: Renounce Religion


You were on level 3 of the Dungeon.
You worshipped Ru.
Ru was noncommittal.
You were not hungry.

You visited 1 branch of the dungeon, and saw 3 of its levels.

You collected 132 gold pieces.


Innate Abilities, Weirdness & Mutations

You have extremely sharp teeth.
You heal very quickly.
When hurt, damage is shared between your health and your magic reserves.
Your bite disrupts and absorbs the magic of your enemies.
Potions and wands cannot restore your health.
You are immune to rotting.


   Skills:
 - Level 2.0 Fighting
 + Level 4.0 Short Blades
 - Level 1.5 Dodging
 + Level 5.2 Stealth
 - Level 2.5 Spellcasting
 - Level 3.0 Hexes


You had one spell level left.
You knew the following spells:

 Your Spells              Type           Power        Failure   Level  Hunger
a - Ensorcelled Hibernat  Hex/Ice        #.....       17%         2    ###....
c - Confuse               Hex            ##......     21%         3    ###....
r - Corona                Hex            ##.....      8%          1    #......
t - Tukima's Dance        Hex            ##......     21%         3    ###....

Inventory:

Hand Weapons
 a - a +1 dagger (weapon)
Armour
 b - a +1 robe (worn)
Jewellery
 h - an uncursed ring of fire
 l - an amulet of the gourmand (around neck)
Scrolls
 e - a scroll of amnesia {unknown}
 g - a scroll of blinking
 j - a scroll of enchant weapon {unknown}
 m - a scroll of enchant armour {unknown}
Potions
 f - 3 potions of mutation
 i - 2 potions of brilliance {unknown}
 n - a potion of curing {unknown}
 o - a potion of haste {unknown}
Books
 c - a book of Maledictions
Comestibles
 d - 3 bread rations
 k - 3 meat rations

Dungeon Overview and Level Annotations

Branches:
Dungeon (3/15)

Altars:
Ashenzari
Kikubaaqudgha
Makhleb
Nemelex Xobeh
Qazlal
Ru
Sif Muna
Vehumet
Yredelemnul
Zin

Annotations:
D:3 Natasha


Message History

You are too injured to fight recklessly!
You are too injured to fight recklessly!
You are too injured to fight recklessly!
You are too injured to fight recklessly!
You are too injured to fight recklessly!
You are too injured to fight recklessly!
You are too injured to fight recklessly!
You are too injured to fight recklessly!
You are too injured to fight recklessly!
You are too injured to fight recklessly!
You are too injured to fight recklessly!
You are too injured to fight recklessly!
You are too injured to fight recklessly!
You are too injured to fight recklessly!
You are too injured to fight recklessly!
You are too injured to fight recklessly!
You are too injured to fight recklessly!
You are too injured to fight recklessly!
You are too injured to fight recklessly!
You are too injured to fight recklessly!
You hit the orc. You bite the orc. You drain its power.
You feel invigorated.
The orc is heavily wounded.
The orc misses you.
The orc priest invokes the aid of Beogh against you.
Pain shoots through your body!
Natasha stares at you and mumbles some strange words.
You easily resist.
The orc priest invokes the aid of Beogh against you.
Pain shoots through your body!
The orc priest hits you but does no damage.
You hit the orc. Your bite misses the orc.
The orc is almost dead.
The orc hits you with a club. The orc priest hits you with a club.
The orc priest hits you with a falchion.
You die...

....## ####.#####.###.........###
#...# #...................###
#...#######.###.#####.........##.
#.#(...##...# #h# #.........#..
#.####....#.###.# ##....<......#
#.#####..##.#...####..........###
#.##....###...##..............#
#.##.##.###..#...####.........###
.....##........o@###[#'#.........
.<...##..##....ooo..##.##.....###
.....######.#...o.###...##...##
.....# #.......##.....##.##
###### ##.......'...⌠...#.#
#........###...#####
###..........#...#
##............#...#
#######..#..#########.>.#########


You could see 3 orc priests, an orc wizard, Natasha and an orc.

Action                   |  1- 3 |  4- 6 || total
-------------------------+-------+-------++-------
Melee: Dagger            |   151 |   250 ||   401
 Cast: Confuse           |       |    10 ||    10
       Ensorcelled Hiber |       |     4 ||     4
Invok: Reject Sacrifices |       |     1 ||     1
  Use: Scroll            |     4 |       ||     4
 Stab: Sleeping          |     7 |     8 ||    15
       Confused          |       |     3 ||     3
  Eat: Chunk             |       |    14 ||    14

Notes
Turn   | Place    | Note
--------------------------------------------------------------
     0 | D:1      | Duffy the Vine Stalker Enchanter began the quest for the Orb.
     0 | D:1      | Reached XP level 1. HP: 9/9 MP: 4/4
    12 | D:1      | Reached skill level 1 in Short Blades
   163 | D:1      | Reached XP level 2. HP: 9/14 MP: 3/6
   170 | D:1      | Learned a level 2 spell: Ensorcelled Hibernation
   222 | D:1      | Reached skill level 1 in Fighting
   335 | D:1      | Reached XP level 3. HP: 10/18 MP: 4/7
   340 | D:1      | Learned a level 3 spell: Confuse
   424 | D:1      | Reached skill level 2 in Short Blades
   937 | D:2      | Found a stormy altar of Qazlal.
   950 | D:2      | Reached skill level 2 in Fighting
  1061 | D:2      | Found a deep blue altar of Sif Muna.
  1064 | D:2      | Found a burning altar of Makhleb.
  1066 | D:2      | Found a glowing silver altar of Zin.
  1066 | D:2      | Found a basalt altar of Yredelemnul.
  1066 | D:2      | Found a radiant altar of Vehumet.
  1066 | D:2      | Found an ancient bone altar of Kikubaaqudgha.
  1067 | D:2      | Found a sparkling altar of Nemelex Xobeh.
  1067 | D:2      | Found a sacrificial altar of Ru.
  1100 | D:2      | Became a worshipper of Ru the Awakened
  1126 | D:2      | Reached XP level 4. HP: 19/23 MP: 8/8
  1264 | D:2      | Noticed Ijyb
  1277 | D:2      | Killed Ijyb
  1277 | D:2      | Reached skill level 3 in Short Blades
  1277 | D:2      | Reached skill level 4 in Stealth
  1277 | D:2      | Reached XP level 5. HP: 26/26 MP: 9/9
  1373 | D:2      | Learned a level 3 spell: Tukima's Dance
  1942 | D:3      | Found a faded altar to an unknown god.
  2073 | D:3      | Found a shattered altar of Ashenzari.
  2539 | D:3      | Noticed Terence
  2591 | D:2      | Killed Terence
  3112 | D:3      | Noticed Natasha
  3124 | D:3      | Gained mutation: You heal very quickly. [Vine Stalker growth]
  3124 | D:3      | Reached XP level 6. HP: 30/30 MP: 10/10
  3141 | D:3      | Reached skill level 5 in Stealth
  3171 | D:3      | Killed Natasha
  3277 | D:3      | Reached skill level 4 in Short Blades
  3392 | D:3      | Noticed Natasha
  3395 | D:3      | Slain by an orc priest

Vault maps used:
D:1:      enne_arrival_octagon_isle
D:2:      lemuel_doored_altar, grunt_temple_overflow_open, uniq_iyjb
D:3:      evilmike_ruin_ashenzari, ecumenical_altar_2, grunt_ministairs_14,
          serial_park_tiny_pond, roderic_greek_sauvastika, uniq_natasha,
          uniq_terence

Vanquished Creatures
  An orc priest Ijyb Terence Natasha
  3 adders
  3 gnolls
  2 oozes
  3 worms
  3 giant geckos
  7 orcs
  2 giant cockroaches
  6 goblins
  7 hobgoblins
  2 jackals
  7 kobolds
  2 quokkas
  A ball python
  17 bats
  4 giant newts
  5 rats
78 creatures vanquished.
